 Dungeon Crawl Stone Soup version 0.32-a0-975-g85d4e5bfdb (webtiles) character file.

Game seed: 6028594524754683466

882 Maxmaps the Cudgeller (level 7, 0/50 HPs)
             Began as a Demonspawn Hunter on Apr 19, 2024.
             Slain by an iguana (7 damage)
             ... on level 5 of the Dungeon.
             The game lasted 00:04:33 (3504 turns).

Maxmaps the Cudgeller (Demonspawn Hunter)           Turns: 3504, Time: 00:04:34

Health: 0/50       AC:  9    Str: 12    XL:     7   Next: 76%
Magic:  7/7        EV: 10    Int:  9    God:
Gold:   281        SH:  0    Dex: 18    Spells: 6/6 levels left

rFire   . . .        w - +3 whip (elec)
rCold   . . .        (no shield)
rNeg    . . .        i - +0 ring mail
rPois   .            r - +2 helmet
rElec   .            u - +0 cloak
rCorr   .            (gloves unavailable)
SInv    .            (no boots)
Will    +....        c - amulet of the acrobat
Stlth   +            k - ring of willpower
HPRegen 0.28/turn    l - ring of flight
MPRegen 0.10/turn

%: acrobat
@: flying
A: powered by pain 2, demonic touch 3
a: no special abilities


You were on level 5 of the Dungeon.
You visited 1 branch of the dungeon, and saw 5 of its levels.

You collected 281 gold pieces.

Inventory:

Hand Weapons
 a - a +0 shortbow
 o - a +0 dagger of electrocution
 w - a +3 whip of electrocution (weapon)
Armour
 i - a +0 ring mail (worn)
 r - a +2 helmet (worn)
 u - a +0 cloak (worn)
Jewellery
 c - an amulet of the acrobat (around neck)
 g - a ring of wizardry
 k - a ring of willpower (left hand)
 l - a ring of flight (right hand)
Talismans
 s - a beast talisman
Wands
 A - a wand of mindburst (11)
Scrolls
 b - a scroll of butterflies
 e - a scroll of teleportation {unknown}
 j - 2 scrolls of fear {unknown}
 p - 3 scrolls of enchant armour {unknown}
 q - 2 scrolls of identify {unknown}
 x - a scroll of revelation {unknown}
 y - a scroll of blinking {unknown}
 z - a scroll of silence {unknown}
Potions
 d - 2 potions of cancellation {unknown}
 f - 4 potions of enlightenment {unknown}
 h - 2 potions of brilliance {unknown}
 m - a potion of curing
 n - a potion of haste {unknown}
 t - a potion of ambrosia {unknown}
 v - 2 potions of mutation {unknown}


   Skills:
 - Level 2.0 Fighting
 - Level 3.6 Short Blades
 + Level 6.4 Maces & Flails
 - Level 4.5 Ranged Weapons
 - Level 1.7 Dodging
 - Level 0.8 Stealth


You had 6 spell levels left.
You didn't know any spells.
Your spell library contained the following spells:

 Spells                   Type           Power      Damage    Failure   Level
 Apportation              Tloc           0%         N/A       67%         1
 Blink                    Tloc           0%         N/A       80%         2
 Jinxbite                 Hex            0%         N/A       80%         2
 Lesser Beckoning         Tloc           0%         N/A       80%         2
 Momentum Strike          Conj/Tloc      0%         3d8       80%         2
 Frozen Ramparts          Ice            0%         1d1       95%         3
 Ozocubu's Armour         Ice            0%         N/A       95%         3
 Alistair's Intoxication  Alch           0%         N/A       100%        5
 Metabolic Englaciation   Hex/Ice        0%         N/A       100%        5


Dungeon Overview and Level Annotations

Branches:
Dungeon (5/15)
 Temple: D:4-7

Altars:
Cheibriados
Fedhas
Gozag
Makhleb
Qazlal


Innate Abilities, Weirdness & Mutations

You sometimes gain power by taking damage.
Your touch may irresistibly damage your foes and sap their willpower.


Message History

Menkaure is almost destroyed.
The iguana bites you but does no damage.
Menkaure misses you.
You hit Menkaure.
Menkaure is almost destroyed.
The iguana hisses menacingly.
The iguana bites you!
Menkaure calls on the powers of darkness!
Your body is wracked with pain!
The iguana convulses!
You are too injured to fight recklessly!
You are too injured to fight recklessly!
You barely miss Menkaure.
Menkaure is almost destroyed.
The iguana bites you but does no damage.
Menkaure hits you.
* * * LOW HITPOINT WARNING * * *
Unknown command.
You completely miss Menkaure.
Menkaure is almost destroyed.
The iguana bites you but does no damage.
Menkaure hits you but does no damage.
You closely miss Menkaure.
Menkaure is almost destroyed.
The iguana bites you!
* * * LOW HITPOINT WARNING * * *
Menkaure points at you and mumbles some strange words.
You resist with some effort.
Unknown command.
You feel better. Menkaure hits you!
* * * LOW HITPOINT WARNING * * *
The iguana closely misses you.
You feel better. Menkaure closely misses you. The iguana closely misses you.
You hit Menkaure but do no damage.
You touch Menkaure.
You destroy Menkaure!
Your Maces & Flails skill increases to level 6!
Unknown command.
You closely miss the iguana.
The iguana is heavily wounded.
The iguana bites you!
You die...

..# ..# #.# #.#
##.#
####..#######
####..l........#
.......@...#
.>....####.#
.##### #..# ..
#.## .. #.# #.
###.# #.# #...#
. ..###..###.###
..
...........###


You could see an iguana.

Vanquished Creatures
  A yak (D:5)
  Menkaure (D:5)
  An ice beast (D:5)
  A phantom (D:5)
  A kobold brigand (D:5)
  A scorpion (D:5)
  3 bombardier beetles
  A hound (D:5)
  A sleepcap (D:4)
  Terence (D:3)
  3 gnolls (D:4)
  An adder (D:4)
  2 dart slugs (D:5)
  5 ribbon worms
  3 orcs
  5 endoplasms
  3 giant cockroaches
  6 hobgoblins
  2 quokkas
  5 ball pythons
  6 bats
  A frilled lizard (D:2)
  10 goblins
  6 kobolds
  4 rats
74 creatures vanquished.

Notes
Turn   | Place    | Note
-------+----------+-------------------------------------------
     0 | D:1      | Maxmaps the Demonspawn Hunter began the quest for the Orb.
     0 | D:1      | Reached XP level 1. HP: 16/16 MP: 1/1
    62 | D:1      | Gained mutation: Your touch may inflict minor irresistible
                  | damage on your foes. [demonic ancestry]
    62 | D:1      | Reached XP level 2. HP: 22/22 MP: 2/2
   799 | D:2      | Gained mutation: Your touch may inflict irresistible damage
                  | on your foes. [demonic ancestry]
   799 | D:2      | Reached XP level 3. HP: 26/26 MP: 3/3
  1378 | D:3      | Reached skill level 1 in Short Blades
  1780 | D:3      | Found a blossoming altar of Fedhas.
  2079 | D:3      | Noticed Terence
  2084 | D:3      | Killed Terence
  2085 | D:3      | Gained mutation: Your touch may irresistibly damage your
                  | foes and sap their willpower. [demonic ancestry]
  2085 | D:3      | Reached XP level 4. HP: 27/33 MP: 4/4
  2410 | D:4      | Gained mutation: You sometimes gain a little power by
                  | taking damage. [demonic ancestry]
  2410 | D:4      | Reached XP level 5. HP: 28/38 MP: 5/5
  2598 | D:4      | Found a stormy altar of Qazlal.
  2841 | D:4      | Reached skill level 1 in Maces & Flails
  2932 | D:4      | Found a snail-covered altar of Cheibriados.
  2939 | D:4      | Reached skill level 2 in Maces & Flails
  2973 | D:4      | Found a burning altar of Makhleb.
  3036 | D:5      | Entered Level 5 of the Dungeon
  3064 | D:5      | Noticed a yak
  3071 | D:5      | Killed a yak
  3072 | D:5      | Reached skill level 3 in Maces & Flails
  3072 | D:5      | Gained mutation: You sometimes gain power by taking damage.
                  | [demonic ancestry]
  3072 | D:5      | Reached XP level 6. HP: 37/44 MP: 6/6
  3076 | D:5      | Reached skill level 4 in Maces & Flails
  3113 | D:5      | Noticed an ice beast
  3125 | D:5      | Killed an ice beast
  3126 | D:5      | Reached XP level 7. HP: 38/50 MP: 7/7
  3203 | D:5      | Reached skill level 5 in Maces & Flails
  3210 | D:5      | HP: 2/50 [burnt (4)]
  3437 | D:5      | Found an opulent altar of Gozag.
  3490 | D:5      | Noticed Menkaure
  3501 | D:5      | HP: 1/50 [Menkaure (12)]
  3503 | D:5      | Killed Menkaure
  3504 | D:5      | Reached skill level 6 in Maces & Flails
  3504 | D:5      | Slain by an iguana

Illustrated notes

Levels and vault maps discovered:
D:1:      dpeg_arrival_refuge, layout_basic, fountainhead
D:2:      layout_rooms
D:3:      layout_loops_cross, mainiacjoe_overflow_six_doors_small,
          serial_aquarium, aquarium_bridge_square [aquarium_subvault_wall,
          aquarium_subvault_window, aquarium_subvault_bridge,
          aquarium_subvault_balcony], aquarium_bridge_straight
          [aquarium_subvault_bridge, aquarium_subvault_window,
          aquarium_subvault_bridge, aquarium_subvault_balcony],
          aquarium_window_2, aquarium_window_fake, aquarium_window_2,
          aquarium_window_1, aquarium_view_2c, aquarium_balcony_3b,
          aquarium_pool_1, kennysheep_path_1, nicolae_wormholes, uniq_terence
D:4:      layout_rooms, lightli_temple_of_fire, slow_altar_2, marbit_many_paths
D:5:      layout_rooms, gammafunk_ghost_nasty_kobolds, chequers_avenue,
          hangedman_feature_mirror, uniq_menkaure

Skill      XL: |  1  2  3  4  5  6  7 |
---------------+----------------------+-----
Ranged Weapons | 4 |  4.5
Short Blades   | 2 3 |  3.6
Maces & Flails | 3 4 6 |  6.4
Fighting       | |  2.0
Dodging        | |  1.7
Stealth        | |  0.8

Action                     |  1- 3 |  4- 6 |  7- 9 || total
---------------------------+-------+-------+-------++-------
  Melee: Dagger            |    43 |    38 |       ||    81
         Touch             |    11 |    14 |     9 ||    34
         Whip              |       |    25 |    36 ||    61
   Fire: Shortbow          |    59 |       |       ||    59
    Use: Potion            |       |       |     3 ||     3
 Armour: Ring mail         |    56 |    45 |    22 ||   123
         Leather armour    |     2 |       |       ||     2
  Dodge: Dodged            |    36 |    43 |    15 ||    94

Table legend: (Time is in decaauts)
 A = Elapsed time spent in this place.
 B = Non-inter-level travel time spent in this place.
 C = Inter-level travel time spent in this place.
 D = Time resting spent in this place.
 E = Time spent auto-exploring this place.
 F = Levels seen in this place.
 G = Mean time per level.
                   A        B        C        D        E       F      G
               +--------+--------+--------+--------+--------+-----+--------+
         Total |   3507 |   3402 |    105 |    409 |   2487 |   5 |  701.4 |
       Dungeon |   3507 |   3402 |    105 |    409 |   2487 |   5 |  701.4 |
               +--------+--------+--------+--------+--------+-----+--------+

Top non-repeatable levels by time:
     D:3: 1165 daAuts
     D:1: 698 daAuts
     D:4: 654 daAuts
     D:2: 528 daAuts
     D:5: 460 daAuts
